 Dungeon Crawl Stone Soup version 0.26-a0-812-g31a745ddcd (webtiles) character file.

Game seed: 4926753304284680975

33 End1zNear the Covered (level 3, 34/34 HPs)
             Began as a Deep Dwarf Fighter on Dec 3, 2020.
             Quit the game on level 2 of the Dungeon.
             The game lasted 00:00:33 (420 turns).

End1zNear the Covered (Deep Dwarf Fighter)           Turns: 420, Time: 00:00:34

Health: 34/34      AC:  9    Str: 20    XL:     3   Next: 12%
Magic:  2/2        EV:  7    Int:  8    God:
Gold:   88         SH:  9    Dex: 12    Spells: 2/2 levels left

rFire    . . .     SeeInvis .   a - +0 war axe
rCold    . . .     Faith    .   c - +0 kite shield
rNeg     . . .     Spirit   .   b - +0 scale mail
rPois    .         Reflect  .   g - +1 helmet
rElec    .         Harm     .   (no cloak)
rCorr    .         Rampage  .   (no gloves)
MR       .....                  (no boots)
Stlth    ..........             i - amulet of inaccuracy (curse)
HPRegen  0.00/turn              (no ring)
MPRegen  0.08/turn              (no ring)

@: non-regenerating
A: damage resistance, heal wounds, sense surroundings 1, no regeneration
a: Heal Wounds


You were on level 2 of the Dungeon.
You visited 1 branch of the dungeon, and saw 2 of its levels.

You collected 88 gold pieces.

Inventory:

Hand Weapons
 a - a +0 war axe (weapon)
Armour
 b - a +0 scale mail (worn)
 c - a +0 kite shield (worn)
 g - a +1 helmet (worn)
   (You found it on level 1 of the Dungeon)
Jewellery
 i - a cursed amulet of inaccuracy (around neck)
   (You found it on level 2 of the Dungeon)
Potions
 d - a potion of might
 e - a potion of magic {unknown}
 f - 2 potions of invisibility {unknown}
 h - a potion of flight {unknown}


   Skills:
 * Level 3.1 Fighting
 * Level 3.0 Axes
 + Level 3.5 Armour
 + Level 3.5 Shields


You had 2 spell levels left.
You didn't know any spells.
Your spell library was empty.

Dungeon Overview and Level Annotations

Branches:
Dungeon (2/15)

Altars:
Dithmenos
Elyvilon
Gozag
Okawaru
Uskayaw
Wu Jian
Yredelemnul
The Shining One


Innate Abilities, Weirdness & Mutations

You are resistant to damage.
You can heal yourself by infusing magical energy.
You passively map a small area around you.
You do not regenerate.


Message History

The goblin is moderately wounded.
The goblin hits you with a +0 club.
You slash the goblin!
You kill the goblin!
You hit the giant cockroach but do no damage.
You block the giant cockroach's attack. x2
You completely miss the giant cockroach.
You block the giant cockroach's attack. x2
Your scale mail prevents you from hitting the giant cockroach.
The giant cockroach bites you but does no damage.
You block the giant cockroach's attack.
You barely miss the giant cockroach.
The giant cockroach bites you but does no damage. x2
You hit the giant cockroach but do no damage.
The giant cockroach barely misses you.
You miss the giant cockroach.
The giant cockroach bites you but does no damage.
You block the giant cockroach's attack.
You miss the giant cockroach. You block the giant cockroach's attack.
Are you sure you want to abandon this character and quit the game? (Confirm with "yes".)

...##.#.♣.♣.#.. ....≈≈8≈≈.#.####
#####.........###..#########....?
# #.#.. #### #.<# ###### , #.#
#######.. * #.# #####........ ,
#######.####.....#####.. ,
$............##### #.. ,,
######.###### ### #@#** * *
#..)B...# * , ,, #.......# , , *
,, #......... ** * * #..>....###
#.......# , #.......# #########


You could see a giant cockroach.

Vanquished Creatures
  An adder (D:2)
  A worm (D:2)
  2 dart slugs (D:1)
  A leopard gecko (D:1)
  A bat (D:2)
  A giant cockroach (D:1)
  2 hobgoblins
  A quokka (D:2)
  3 goblins (D:2)
  3 kobolds (D:2)
16 creatures vanquished.

Notes
Turn   | Place    | Note
-------+----------+-------------------------------------------
     0 | D:1      | End1zNear the Deep Dwarf Fighter began the quest for the
                  | Orb.
     0 | D:1      | Reached XP level 1. HP: 20/20 MP: 1/1
   111 | D:1      | Found a glowing golden altar of the Shining One.
   159 | D:1      | Reached XP level 2. HP: 25/27 MP: 2/2
   165 | D:1      | You fall into a shaft and drop 1 floor!
   170 | D:2      | Found an opulent altar of Gozag.
   170 | D:2      | Found a glowing golden altar of the Shining One.
   172 | D:2      | Found a white marble altar of Elyvilon.
   172 | D:2      | Found an ornate altar of the Wu Jian Council.
   182 | D:2      | Found a basalt altar of Yredelemnul.
   182 | D:2      | Found a hide-covered altar of Uskayaw.
   192 | D:2      | Found an iron altar of Okawaru.
   271 | D:2      | Found a shadowy altar of Dithmenos.
   351 | D:2      | Reached XP level 3. HP: 34/34 MP: 2/2
   420 | D:2      | Quit the game

Illustrated notes

Levels and vault maps discovered:
D:1:      dpeg_arrival_long_road, layout_loops_ring, tso_metal_star
D:2:      layout_rooms, okawaru_trees_1, grunt_temple_overflow_open,
          vehumet_crystals, nicolae_dithmenos_shadow_blocks, moated_statue,
          minmay_quantized

Skill      XL: |  1  2  3 |
---------------+----------+-----
Fighting       | 3 |  3.1
Axes           | 3 |  3.0
Armour         | |  3.5
Shields        | |  3.5

Action                   || total
-------------------------++-------
Melee: War axe           ||    68
 Abil: Heal Wounds       ||     2
  Use: Scroll            ||     3
Armor: Scale mail        ||    36
Dodge: Dodged            ||    12
Block: Kite shield       ||    35

Table legend: (Time is in decaauts)
 A = Elapsed time spent in this place.
 B = Non-inter-level travel time spent in this place.
 C = Inter-level travel time spent in this place.
 D = Time resting spent in this place.
 E = Time spent auto-exploring this place.
 F = Levels seen in this place.
 G = Mean time per level.
                   A        B        C        D        E       F      G
               +--------+--------+--------+--------+--------+-----+--------+
         Total |    449 |    411 |     38 |      0 |    234 |   2 |  224.5 |
       Dungeon |    449 |    411 |     38 |      0 |    234 |   2 |  224.5 |
               +--------+--------+--------+--------+--------+-----+--------+

Top non-repeatable levels by time:
     D:2: 276 daAuts
     D:1: 172 daAuts
